 Dungeon Crawl Stone Soup version 0.22.1-6-g1668fe2c40 (webtiles) character file.

195 Honti the Chopper (level 5, -3/45 HPs)
             Began as a Minotaur Fighter on Jan 22, 2019.
             Slain by Grinder (5 damage)
             ... on level 3 of the Dungeon.
             The game lasted 00:03:14 (1887 turns).

Honti the Chopper (Minotaur Fighter)                Turns: 1887, Time: 00:03:15

Health: -3/45      AC:  6    Str: 26    XL:     5   Next: 45%
Magic:  4/4        EV:  7    Int:  5    God:
Gold:   55         SH: 10    Dex: 10    Spells: 4/4 levels left

rFire    . . .     SeeInvis .   a - +0 war axe
rCold    . . .     Gourm    .   c - +0 shield
rNeg     . . .     Faith    .   b - +0 scale mail
rPois    .         Spirit   .   (helmet restricted)
rElec    .         Reflect  .   (no cloak)
rCorr    .         Harm     .   (no gloves)
MR       .....                  (no boots)
Stlth    ..........             (no amulet)
HPRegen  0.15/turn              (no ring)
MPRegen  0.09/turn              (no ring)

@: mighty
A: retaliatory headbutt, horns 2
a: no special abilities


You were on level 3 of the Dungeon.
You were not hungry.

You visited 1 branch of the dungeon, and saw 3 of its levels.

You collected 55 gold pieces.

Inventory:

Hand Weapons
 a - a +0 war axe (weapon)
Armour
 b - a +0 scale mail (worn)
 c - a +0 shield (worn)
Jewellery
 i - an uncursed ring of stealth {unknown}
 n - a cursed -4 ring of intelligence {unknown}
Scrolls
 e - 2 scrolls of identify {unknown}
 g - a scroll of enchant armour {unknown}
 h - 2 scrolls of teleportation {unknown}
 m - a scroll of noise {unknown}
 o - a scroll of fog {unknown}
Potions
 d - a potion of might
 j - 3 potions of heal wounds {unknown}
 k - a potion of cancellation {unknown}
 p - a potion of invisibility {unknown}
 q - a potion of curing {unknown}
Comestibles
 f - 4 rations


   Skills:
 - Level 3.6 Fighting
 + Level 7.0 Axes
 - Level 3.6 Armour
 - Level 3.6 Shields


You had 4 spell levels left.
You didn't know any spells.
Your spell library was empty.

Dungeon Overview and Level Annotations

Branches:
Dungeon (3/15)

Altars:
Cheibriados
Dithmenos
Gozag
Uskayaw

Annotations:
D:3 Grinder


Innate Abilities, Weirdness & Mutations

You reflexively headbutt those who attack you in melee.
You have a pair of horns on your head.


Message History

Grinder is moderately wounded.
You closely miss the orc. Grinder hits you.
You writhe in agony.
The orc barely misses you. You furiously retaliate!
You headbutt the orc. You closely miss Grinder. You headbutt Grinder.
Grinder is moderately wounded.
You closely miss the orc. You block Grinder's attack. The orc hits you.
Sorry, you're not good enough to have a special ability.
Your shield and scale mail prevent you from hitting Grinder.
Grinder is moderately wounded.
You hit the orc but do no damage. Grinder gestures at you.
Pain shoots through your body!
* * * LOW HITPOINT WARNING * * *
The orc hits you.
* * * LOW HITPOINT WARNING * * *
Grinder gestures at you. You resist with significant effort.
You block the orc's attack.
You feel very mighty all of a sudden. Grinder hits you.
You die...

### #### ########..
.... #......#.# ...
####.####.#$# #.##
.......##.#.##...#.#
#.........o.....#
#...##.#..@5....#
###...##.###†....##
#.....##.. ......#
#.##..######.....#
#.##............##
#.###.###.#######...#
#.........# !...
#####.##.## .....
#####.....##


You could see Grinder and an orc.

Vanquished Creatures
  Natasha (thrice) (D:2)
  3 gnolls (D:2)
  3 adders
  2 oozes
  A worm (D:2)
  3 dart slugs
  A leopard gecko (D:3)
  An orc (D:3)
  A giant cockroach (D:1)
  4 goblins
  4 hobgoblins
  4 jackals (D:1)
  11 kobolds
  5 bats
  3 frilled lizards (D:1)
  6 rats
55 creatures vanquished.

Notes
Turn   | Place    | Note
-------+----------+-------------------------------------------
     0 | D:1      | Honti the Minotaur Fighter began the quest for the Orb.
     0 | D:1      | Reached XP level 1. HP: 19/19 MP: 0/0
   101 | D:1      | Reached skill level 3 in Axes
   138 | D:1      | Reached XP level 2. HP: 26/26 MP: 1/1
   201 | D:1      | Reached skill level 4 in Axes
   361 | D:1      | Reached XP level 3. HP: 20/31 MP: 2/2
   682 | D:1      | You fall through a shaft!
   709 | D:2      | Noticed Natasha
   713 | D:2      | Killed Natasha
   713 | D:2      | Reached skill level 5 in Axes
   713 | D:2      | Reached XP level 4. HP: 34/39 MP: 3/3
   891 | D:2      | Found an opulent altar of Gozag.
   946 | D:2      | Reached skill level 6 in Axes
  1005 | D:2      | Found a shadowy altar of Dithmenos.
  1214 | D:2      | Noticed Natasha
  1219 | D:2      | Killed Natasha
  1219 | D:2      | Reached XP level 5. HP: 38/45 MP: 4/4
  1406 | D:2      | Found a snail-covered altar of Cheibriados.
  1540 | D:2      | Noticed Natasha
  1548 | D:2      | Killed Natasha
  1805 | D:3      | Noticed a dagger
  1805 | D:3      | Noticed a dagger
  1808 | D:3      | Found a hide-covered altar of Uskayaw.
  1876 | D:3      | Noticed Grinder
  1883 | D:3      | Reached skill level 7 in Axes
  1886 | D:3      | HP: 2/45 [orc (3)]
  1887 | D:3      | Slain by Grinder

Skill      XL: |  1  2  3  4  5 |
---------------+----------------+-----
Axes           | 3 4 5 6 7 |  7.0
Fighting       | |  3.6
Armour         | |  3.6
Shields        | |  3.6

Action                   |  1- 3 |  4- 6 || total
-------------------------+-------+-------++-------
Melee: War axe           |    73 |    48 ||   121
       Headbutt          |     6 |     8 ||    14
  Use: Potion            |       |     1 ||     1
  Eat: Chunk             |       |     3 ||     3
Armor: Scale mail        |    16 |    13 ||    29
Dodge: Dodged            |    28 |    21 ||    49
Block: Shield            |    37 |    28 ||    65
